← All builds
Tech / Armada / Economy first / OBSERVED BUILD

Standard tech

Armada Tech (Eco) build order · Supreme Isthmus

Rushes T2 by 4:15, gets Advanced Metal Extractor around 5:28, hands off T2 constructors to Geo and the team, then scales eco and supplies the team's T2 needs through the rest of the game.

Usually first T2 con to Geo (83%)

#eco #t2 #team support · 1593 distinct matches · 254 players · 60% of Armada Tech games · team won 54% of 1902 · Recently observed

HOW TO PLAY IT

Key timing: T2 factory by 4:15

  1. Open 3 mex and heavy wind to fund a fast T2 rush.
  2. Put down Bot Lab, planning to eat it for reclaim soon after.
  3. Get Advanced Bot Lab up, hitting the T2 factory rush timing.
  4. Upgrade mex to Advanced Metal Extractor to lock in team metal income.
  5. Eat Advanced Bot Lab and keep sending cons to Geo and Pond.

Phase by phase

TYPICAL OF ITS 1593 GAMES
  1. 1
  2. 2
  3. 3
  4. 4
PLAY THE OPENING

Follow the example game's first 6:00 step by step: what to build now, what comes next, and where it goes. At 1× it keeps pace with your own game.

  1. 1

    Up to the Bot Lab

    Economy
    • Metal Extractor3Mex
    • Wind Turbine4Wind
    Order
    1. Bot LabBot Lab after 3 mex, 4 winddone ~1:18, middle half 1:13–1:32

    Some games also: energy storage (31%)

    By 1:01 in all: 3 mex · 4 wind

    The example game in this phase · 3 steps
    1. Mex ×3
    2. Wind ×2
    3. Bot LabBot Labdone 1:03 · typical 1:18
  2. 2

    Bot Lab to Advanced Bot Lab

    Economy
    • Metal Extractor1Mex
    • Wind Turbine8Wind
    • Energy Storage1Energy storage
    Order
    1. Advanced Bot LabAdvanced Bot Lab after 4 mex, 12 wind, 3 con turretdone ~4:16, middle half 4:04–4:30
    Builders
    • Construction Turret3 Con turret
    • Lazarus3 Lazarus
    • Construction Bot2 Con bot
    • Construction Bot1 Con bot for allies

    Some games also: converter (36%)

    By 3:19 in all: 4 mex · 12 wind · 1 energy storage · 3 con turret

    The example game in this phase · 23 steps
    1. Wind
    2. LazarusLazarus
    3. Wind ×3
    4. LazarusLazarus
    5. Construction BotCon bot
    6. Wind
    7. Construction BotCon botfor Air
    8. Wind ×2
    9. Energy storage
    10. Construction BotCon bot
    11. Wind
    12. Mex
    13. Wind ×2
    14. LazarusLazarus
    15. Wind
    16. Con turret
    17. Wind
    18. LazarusLazarus
    19. Con turret
    20. Wind ×4
    21. Con turret
    22. Wind ×3
    23. Advanced Bot LabAdvanced Bot Labdone 4:46 · typical 4:16
  3. 3

    Advanced Bot Lab to 5:00

    Economy
    • Wind Turbine3Wind
    Order
    1. Bot LabEat Bot Lab
    Builders
    • Advanced Construction Bot1 T2 con bot for allies

    Some games also: converter (35%)

    By 5:00 in all: 4 mex · 15 wind · 1 converter · 1 energy storage · 3 con turret

    The example game in this phase · 3 steps
    1. Energy storage
    2. Bot LabEat Bot Labreclaimed for its metal
    3. Advanced Construction BotT2 con botfor Geo
  4. 4

    5:00 to 10:00

    Economy
    • Wind Turbine43Wind
    • Energy Converter6Converter
    Builders
    • Butler9 Butler
    • Advanced Construction Bot4 T2 con bot for allies
    • Advanced Construction Bot1 T2 con bot

    Some games also: con turret (43%) · Butler for allies (37%)

    By 10:00 in all: 4 mex · 58 wind · 8 converter · 1 energy storage · 3 con turret

    The example game in this phase · 210 steps
    1. Advanced Construction BotT2 con botfor Air
    2. Advanced Metal ExtractorT2 mex ×2done 5:30 · typical 5:29
    3. SharpshooterSniper botfor Ponddone 6:02
    4. Converter ×3
    5. Advanced Construction BotT2 con botfor Air
    6. Converter ×2
    7. ButlerButler
    8. Converter
    9. Advanced Metal ExtractorT2 mex
    10. ButlerButler ×2
    11. Advanced Metal ExtractorT2 mex
    12. Converter
    13. HoundHoundfor Pond
    14. Converter
    15. HoundHound ×2for Pond
    16. Wind
    17. HoundHoundfor Pond
    18. Wind
    19. HoundHound
    20. Wind
    21. CompassRadar botfor Pond
    22. Wind
    23. Advanced Construction BotT2 con botfor Beach sea
    24. Wind ×6
    25. ButlerButler
    26. Wind
    27. ButlerButler
    28. Wind ×2
    29. ButlerButler
    30. Wind ×2
    31. Advanced Construction BotT2 con botfor Pond
    32. Wind ×8
    33. ButlerButler
    34. Wind ×4
    35. ButlerButler
    36. Wind ×3
    37. Con turret
    38. Wind ×3
    39. ButlerButler
    40. Wind ×6
    41. Advanced Construction BotT2 con bot
    42. Wind ×4
    43. Converter
    44. Wind ×3
    45. Converter
    46. Wind ×3
    47. Converter
    48. Wind ×4
    49. Converter
    50. Wind ×2
    51. ButlerButler
    52. Converter
    53. Wind ×4
    54. Converter
    55. ButlerButler
    56. Wind ×4
    57. Converter
    58. ButlerButler
    59. Wind ×2
    60. ButlerButler
    61. Converter
    62. Wind
    63. ButlerButler
    64. Wind ×2
    65. Converter
    66. Wind ×2
    67. ButlerButler
    68. Wind
    69. Converter
    70. Wind ×4
    71. ButlerButler
    72. Wind ×3
    73. Converter
    74. Wind ×3
    75. Fusion ReactorFusiondone 13:59
    76. Wind
    77. ButlerButler
    78. Converter
    79. Wind ×4
    80. Converter ×2
    81. Wind ×6
    82. Converter ×2
    83. Wind ×5
    84. Converter
    85. ButlerButler
    86. Wind
    87. Converter
    88. Wind ×3
    89. Con turret
    90. Converter
    91. Wind
    92. Converter
    93. Wind ×3
    94. Advanced Construction BotT2 con bot
    95. Wind
    96. Converter
    97. Wind
    98. Converter
    99. Wind ×4
    100. Converter
    101. Wind
    102. Converter
    103. Wind ×3
    104. ArbalestArbalest
    105. Converter
    106. Wind
    107. Converter
    108. Wind ×2
    109. Con turret
    110. Wind ×2
    111. Converter
    112. Wind
    113. ArchangelArchangeldone 12:30
    114. Converter
    115. Wind ×4
    116. Converter ×3
    117. Wind
    118. MercuryMercurynot finished by 15:00
    119. Converter ×3
    120. Wind
    121. Converter ×2
    122. Wind
    123. Converter
    124. Advanced Construction BotT2 con bot
    125. Wind
    126. Converter ×3
    127. Wind ×3
    128. Converter ×3
    129. Wind ×4
    130. Converter
    131. Wind ×2
    132. Converter ×2
    133. ButlerButler
    134. Wind ×3
    135. Converter
    136. Wind ×2
    137. Converter ×2
    138. Wind ×3
    139. ButlerButler
    140. Converter ×3
    141. Wind
    142. Converter ×3
    143. Wind ×3
    144. Converter ×3
    145. ButlerButler
    146. Converter ×2
    147. Con turret
    148. Converter
    149. Wind ×2
    150. Converter ×2
    151. Wind
    152. Converter
    153. Con turret
    154. Wind
    155. Converter ×2
    156. Wind
    157. Advanced Construction BotT2 con bot
    158. Wind
    159. Converter ×3
    160. Wind
    161. Converter ×2
    162. Wind
    163. Converter
    164. Wind ×3
    165. Fusion ReactorFusion
    166. Wind ×2
    167. Converter ×2
    168. Wind
    169. Converter
    170. Wind ×4
    171. Converter ×2
    172. Wind ×3
    173. Converter
    174. Wind ×4
    175. Converter
    176. Wind
    177. Converter ×2
    178. Wind ×5
    179. Converter
    180. Wind ×3
    181. Converter
    182. Wind ×2
    183. Converter
    184. Wind ×2
    185. Converter
    186. Wind
    187. Advanced Bot LabEat Advanced Bot Labreclaimed for its metal
    188. Wind ×2
    189. Converter
    190. Wind ×2
    191. Converter
    192. Con turret
    193. Converter
    194. Wind ×3
    195. Advanced Fusion ReactorAdvanced Fusion Reactornot finished by 15:00
    196. Wind
    197. Con turret
    198. Converter
    199. Wind ×2
    200. Con turret
    201. Wind ×2
    202. Converter ×2
    203. Wind ×2
    204. Con turret
    205. Wind ×2
    206. Converter
    207. Wind ×3
    208. Converter
    209. Wind ×4
    210. Converter ×2

Counts are medians over the build's games: half of them build more, half fewer. The example game is rokbe's (32 OS, 03/08/2026); pick another.

Team trades

IN AT LEAST 30% OF ITS GAMES

You hand over

  • Construction Bot1 Con bot to Airfirst at 2:23 · in 84% of games
  • Advanced Construction Bot5 T2 con bot to Air or Pond or Geo seafirst at 4:50 · in 99% of games
  • Butler2 Butler to Geo sea or Beach sea or Pondfirst at 9:06 · in 42% of games

You get

  • Hercules1 Light transport from Airfirst at 4:01 · in 86% of games

How it plays out

Typical game of this build, running totals by minute

Metal produced

020k40k
0:005:0010:0015:00

metal

Enemy metal destroyed

050100150
0:005:0010:0015:00

metal

Own metal lost

050100150
0:005:0010:0015:00

metal

1902 games.

Show as table
ByMetal produced: This buildEnemy metal destroyed: This buildOwn metal lost: This build
1:0038300
2:0091500
3:00165200
4:00314300
5:00484800
6:00580100
7:00723000
8:00906400
9:001117800
10:001352000
11:001624200
12:001965200
13:002343000
14:0027286074
15:0031512108130
WHAT THE NUMBERS SAY

Standard Tech play barely fights at all early, instead pouring metal into T2 infrastructure and constructors for the team.

  • + Metal produced hits 31679 by 15:00, by far the highest of any role here.
  • + T2 factory reached in 97% of games by 4:15, fastest and most reliable T2 timing.
  • − Enemy metal destroyed stays at 0 through 10:00, no early offense at all.
  • − Own metal lost also near 0, showing total avoidance of combat risk.
THE EXAMPLE YOU ARE READING

rokbe

32.0 OS · 03/08/2026

Open source match ↗

2 received units
3570 metal received · 96298 energy received

Allied construction assistance is unknown. Timings are observations, not a promise of solo reproducibility.

Typical milestones

Bot Lab1:18Middle 50%: 1:13–1:32 · n=1902
Advanced Bot Lab4:16Middle 50%: 4:04–4:30 · n=1895
Advanced Metal Extractor5:29Middle 50%: 5:05–5:59 · n=1898

Played most by

Amrissa96games of this buildTheGeneraI70games of this buildAdeus57games of this buildEl_Turco55games of this buildKOT_44games of this build